 Dungeon Crawl Stone Soup version 0.29.0-4-gdea44cf6ec (webtiles) character file.

Game seed: 76444609692300395

2 qw the Grasshopper (level 1, -1/12 HPs)
             Began as a Tengu Warper on Aug 28, 2022.
             Slain by a jackal (2 damage)
             ... on level 1 of the Dungeon.
             The game lasted 00:00:00 (17 turns).

qw the Grasshopper (Tengu Warper)                     Turns: 17, Time: 00:00:00

Health: -1/12      AC:  3    Str: 11    XL:     1   Next: 30%
Magic:  4/4        EV: 11    Int: 13    God:
Gold:   0          SH:  0    Dex: 13    Spells: 4/4 levels left

rFire   . . .      SeeInvis .   a - +0 hand axe
rCold   . . .      Faith    .   (no shield)
rNeg    . . .      Spirit   .   b - +0 leather armour
rPois   .          Reflect  .   (helmet restricted)
rElec   .          Harm     .   (no cloak)
rCorr   .          Rampage  .   (no gloves)
Will    .....                   (boots unavailable)
Stlth   +.........              (no amulet)
HPRegen 0.04/turn               (no ring)
MPRegen 0.09/turn               (no ring)

@: no status effects
A: beak, talons 3
a: no special abilities


You were on level 1 of the Dungeon.
You visited 1 branch of the dungeon, and saw 1 of its levels.


Innate Abilities, Weirdness & Mutations

You have a beak for a mouth.
You have claws for feet.


   Skills:
 - Level 2.0 Fighting
 + Level 2.4 Axes
 - Level 1.0 Throwing
 - Level 1.1 Armour
 - Level 2.1 Dodging
 - Level 2.0 Spellcasting
 - Level 2.4 Translocations


You had 4 spell levels left.
You didn't know any spells.
Your spell library contained the following spells:

 Spells                   Type           Power      Damage    Failure   Level
 Blink                    Tloc           14%        N/A       19%         2
 Gell's Gravitas          Tloc           7%         N/A       36%         3
 Lesser Beckoning         Tloc           7%         N/A       36%         3
 Teleport Other           Tloc           7%         N/A       36%         3
 Manifold Assault         Tloc           7%         N/A       98%         5

Inventory:

Hand Weapons
 a - a +0 hand axe (weapon)
Missiles
 d - 2 boomerangs of dispersal (quivered)
Armour
 b - a +0 leather armour (worn)
Scrolls
 c - a scroll of blinking

Dungeon Overview and Level Annotations

Branches:
Dungeon (1/15)

Altars:


Message History

Press: ? - help, Q - select action Shift-Dir - straight line, f - jackal You throw a boomerang of dispersal.
The boomerang of dispersal hits the jackal.
The jackal blinks!
Throw: 3 boomerangs (disperse)
Press: ? - help, Q - select action Shift-Dir - straight line, f - jackal You throw a boomerang of dispersal.
The boomerang of dispersal hits the jackal but does no damage.
A jackal comes into view.
The jackal moves out of view.
You closely miss the jackal.
A bat comes into view.
The jackal barely misses you. The jackal bites you.
You miss the jackal.
The jackal barks! x2
Your peck misses the jackal. The jackal bites you.
A dart slug comes into view.
You closely miss the jackal. You peck the jackal.
The jackal is severely wounded.
The jackal misses you. The jackal closely misses you.
The jackal barely misses you.
You hit the jackal.
You kill the jackal!
You hit the jackal. The bat misses you. The bat hits you but does no damage. x2
You miss the jackal.
The jackal is almost dead.
You barely miss the jackal. You hit the jackal. You miss the bat.
The bat hits you but does no damage. The jackal bites you.
The jackal closely misses you. x2; The bat hits you but does no damage.
The jackal closely misses you. The jackal bites you.
You hit the jackal but do no damage. You claw the jackal.
You kill the jackal!
You closely miss the jackal. You hit the bat. You barely miss the jackal.
The bat barely misses you. The jackal closely misses you.
The bat barely misses you. The jackal completely misses you.
The dart slug launches a dart at you. The slug dart hits you.
The jackal bites you.
You die...

%?.....# ......#
......###
#.......##
###w..".....
.........#
#..b....##
###.@.......
.#####..%hh....#. .
(..............#
....#.....#........
...######.##.....#.
...8.....8..#..##
..#.....#.....#
#..<..#..##?..
#.....# .# .#


You could see a dart slug, 2 jackals and a bat.

Vanquished Creatures
  2 jackals (D:1)
  A rat (D:1)
3 creatures vanquished.

Notes
Turn   | Place    | Note
-------+----------+-------------------------------------------
     0 | D:1      | qw the Tengu Warper began the quest for the Orb.
     0 | D:1      | Reached XP level 1. HP: 12/12 MP: 4/4
     0 | D:1      | 0 ||| qw: Version: 0.1-a-89-g26bdef1
     0 | D:1      | 0 ||| qw: Game counter: 1250
     0 | D:1      | 0 ||| qw: Always use a shield: true
     0 | D:1      | 0 ||| qw: God list: Okawaru
     0 | D:1      | 0 ||| qw: Allow faded altars: false
     0 | D:1      | 0 ||| qw: Do Orc after D:15 true
     0 | D:1      | 0 ||| qw: Do second Lair branch before Depths: true
     0 | D:1      | 0 ||| qw: Lair rune preference: random
     0 | D:1      | 0 ||| qw: Plans: Normal
     0 | D:1      | 0 ||| PLANNING D:1-11
    17 | D:1      | HP: 1/12 [dart slug/slug dart (4)]
    17 | D:1      | Slain by a jackal

Levels and vault maps discovered:
D:1:      scummos_arrival_simple_crosswalls, layout_rooms,
          hellmonk_ecumenical_altar_heavens_door, minmay_tromino_v4_a

Action                   || total
-------------------------++-------
Melee: Hand axe          ||     6
       Kick              ||     1
       Peck              ||     1
Throw: Boomerang         ||     5
Armor: Leather armour    ||     4
Dodge: Dodged            ||    12

Table legend:
 A = Non-vault XP
 B = Vault XP
 C = Vault XP percentage of total XP
 D = Non-vault monster count
 E = Vault monster count
 F = Vault count percentage of total count
                 A         B        C        D         E       F
            +---------+---------+-------+---------+---------+-------
      Total |       5 |       0 |   0.0 |       3 |       0 |   0.0
            +---------+---------+-------+---------+---------+-------
        D:1 |       5 |       0 |   0.0 |       3 |       0 |   0.0
            +---------+---------+-------+---------+---------+-------
